 Dungeon Crawl Stone Soup version 0.28.0-53-g5a82cb258f (webtiles) character file.

Game seed: 12270919730536345085

1864 EvilAshe the Slasher (level 9, -5/69 HPs)
             Began as a Human Fighter on July 24, 2022.
             Was a Follower of the Shining One.
             Slain by a two-headed ogre
             ... wielding a +0 giant spiked club
              (17 damage)
             ... on level 8 of the Dungeon.
             The game lasted 00:16:25 (7314 turns).

EvilAshe the Slasher (Human Fighter)                Turns: 7314, Time: 00:16:25

Health: -5/69      AC: 11    Str: 21    XL:     9   Next: 35%
Magic:  9/9        EV:  7    Int:  8    God:    the Shining One [*.....]
Gold:   226        SH:  5    Dex: 13    Spells: 8/8 levels left

rFire   . . .      SeeInvis .   m - +1 scimitar (vorpal)
rCold   . . .      Faith    .   c - +0 buckler
rNeg    . . .      Spirit   .   n - +0 chain mail
rPois   .          Reflect  .   l - +0 helmet
rElec   .          Harm     .   (no cloak)
rCorr   .          Rampage  .   (no gloves)
Will    .....                   (no boots)
Stlth   ..........              (no amulet)
HPRegen 0.21/turn               (no ring)
MPRegen 0.11/turn               (no ring)

@: glowing
A: no striking features
a: Renounce Religion, Divine Shield


You were on level 8 of the Dungeon.
You worshipped the Shining One.
The Shining One was aware of your devotion.
You visited 2 branches of the dungeon, and saw 9 of its levels.

You collected 389 gold pieces.
You spent 163 gold pieces at shops.

Inventory:

Hand Weapons
 a - a +0 long sword
 m - a +1 vorpal scimitar (weapon)
Missiles
 e - 212 stones
 t - 2 boomerangs (quivered)
Armour
 c - a +0 buckler (worn)
 l - a +0 helmet (worn)
 n - a +0 chain mail (worn)
Jewellery
 x - the amulet "Jakuil" {Reflect Harm Rampage rC- MP+9 SH+5}
   (You found it on level 5 of the Dungeon)

   [amulet of reflection]

   It reflects blocked missile attacks.
   rC:        It makes you vulnerable to cold.
   MP:        It affects your magic capacity (+9).
   SH:        It affects your SH (+5).
   Harm:      It increases damage dealt and taken.
   Rampage:   It bestows one free step when moving towards enemies.
Wands
 p - a wand of acid (6)
 u - a wand of paralysis (20)
Scrolls
 b - a scroll of enchant weapon {unknown}
 g - a scroll of amnesia
 h - a scroll of vulnerability {unknown}
 i - 3 scrolls of magic mapping
 o - a scroll of noise {unknown}
 r - a scroll of torment {unknown}
 s - a scroll of blinking {unknown}
 w - a scroll of immolation
 y - a scroll of enchant armour {unknown}
 A - a scroll of fog {unknown}
 B - a scroll of teleportation {unknown}
 C - 3 scrolls of identify
 E - a scroll of holy word {unknown}
Potions
 d - a potion of might
 f - 3 potions of curing
 j - a potion of attraction
 k - 2 potions of heal wounds
 q - 5 potions of brilliance
 v - 4 potions of mutation
 z - a potion of ambrosia
 D - a potion of haste {unknown}


   Skills:
 + Level 5.9 Fighting
 * Level 7.6 Long Blades
 + Level 5.9 Armour
 + Level 6.0 Shields


You had 8 spell levels left.
You didn't know any spells.
Your spell library contained the following spells:

 Spells                   Type           Power      Damage    Failure   Level
 Summon Small Mammal      Summ           0%         N/A       99%         1
 Corpse Rot               Necr/Air       0%         N/A       100%        2
 Poisonous Vapours        Pois/Air       0%         N/A       100%        2
 Static Discharge         Conj/Air       0%         N/A       100%        2
 Call Canine Familiar     Summ           0%         N/A       100%        3
 Confusing Touch          Hex            0%         N/A       100%        3
 Summon Guardian Golem    Hex/Summ       0%         N/A       100%        3
 Lightning Bolt           Conj/Air       0%         1d11      100%        5
 Yara's Violent Unravell  Hex/Tmut       0%         3d3       100%        5
 Enfeeble                 Hex            0%         N/A       100%        7
 Maxwell's Capacitive Co  Air            0%         ∞         100%        8


Dungeon Overview and Level Annotations

Branches:
Dungeon (8/15)             Temple (1/1) D:5
   Lair: D:8-11

Altars:
Ashenzari
Cheibriados
Dithmenos
Elyvilon
Fedhas
Gozag
Hepliaklqana
Kikubaaqudgha
Makhleb
Nemelex Xobeh
Okawaru
Qazlal
Ru
Sif Muna
Trog
Uskayaw
Vehumet
Wu Jian
Xom
Yredelemnul
Zin
The Shining One

Shops:
D:1 !   D:2 =   D:3 ?(

Annotations:
D:2 1 runed translucent door, Crazy Yiuf
D:6 2 transporters, Vorhees's ghost, novice GnWn


Message History

The sky beast hits you but does no damage.
You hit the sky beast.
The sky beast is severely wounded.
The sky beast hits you but does no damage.
You slash the sky beast!
You kill the sky beast!
Your Shields skill increases to level 6!
No target in view!
There is a stone staircase leading down here.
You climb downwards.
You hear the hiss of flowing sand.
There is an entrance to an ossuary on this level.
Hurry and find it before the portal is buried!
The two-headed ogre shouts in stereo!
The two-headed ogre hits you with a +0 giant spiked club!!
The two-headed ogre hits you with a +0 giant spiked club!
Found a wand of acid (12) and a longbow.
Found a stone staircase leading down.
There is a stone staircase leading up, spattered with blood here.
You see here a wand of acid (12).
The two-headed ogre barely misses you.
The two-headed ogre hits you with a +0 giant spiked club!
* * * LOW HITPOINT WARNING * * *
You block the two-headed ogre's attack.
The two-headed ogre hits you with a +0 giant spiked club!
* * * LOW HITPOINT WARNING * * *
You hear the slow hiss of an avalanche of sand very nearby.
You see here a +0 longbow.
You hear the slow hiss of an avalanche of sand very nearby.
Okay, then.
Aiming: Paralyse
Press: ? - help, Shift-Dir - straight line, f - two-headed ogre
Aim: a two-headed ogre, wielding two +0 giant spiked clubs (haloed, chance to affect: 31%)
Okay, then.
You hear the slow hiss of an avalanche of sand very nearby.
Okay, then.
Okay, then.
The two-headed ogre hits you with a +0 giant spiked club!
* * * LOW HITPOINT WARNING * * *
The two-headed ogre hits you with a +0 giant spiked club!
You die...

#. #.
#.########
#...#....#
#....>..
##....####
#.....##.#
#..O).<./#
#.##@#...#
#......#.#
####.#####
#... #####


You could see a two-headed ogre.

Vanquished Creatures
  Prince Ribbit (D:7)
  An ice beast (D:7)
  A sky beast (D:7)
  A black bear (D:6)
  2 necrophages (D:6)
  A phantom (D:4)
  2 scorpions
  3 bullfrogs
  A wyvern skeleton (D:7)
  4 wights (D:7)
  2 jellies (D:6)
  3 hounds
  2 orc priests
  4 iguanas
  A bullfrog skeleton (D:5)
  2 orc wizards
  6 gnolls
  6 adders
  A white imp (D:7)
  2 ufetubi
  An adder skeleton (D:5)
  A worm (D:5)
  A dart slug (D:3)
  15 orcs
  6 ball pythons
  10 endoplasms
  4 giant cockroaches
  2 goblins
  5 hobgoblins
  6 jackals
  5 kobolds
  4 quokkas
  5 bats
  4 frilled lizards
  6 rats
121 creatures vanquished.

Vanquished Creatures (others)
  A fungus (D:2)
1 creature vanquished.

Grand Total: 122 creatures vanquished

Notes
Turn   | Place    | Note
-------+----------+-------------------------------------------
     0 | D:1      | EvilAshe the Human Fighter began the quest for the Orb.
     0 | D:1      | Reached XP level 1. HP: 18/18 MP: 1/1
   150 | D:1      | Reached XP level 2. HP: 22/24 MP: 2/2
   178 | D:1      | Found Cadwil's Distillery.
   731 | D:2      | Reached XP level 3. HP: 28/29 MP: 3/3
  1269 | D:2      | Found Xitim's Jewellery Emporium.
  1344 | D:2      | Found a faded altar of an unknown god.
  1609 | D:2      | Found a runed translucent door.
  1610 | D:2      | Noticed Crazy Yiuf
  1641 | D:3      | Reached XP level 4. HP: 30/35 MP: 4/4
  1805 | D:3      | Reached skill level 3 in Long Blades
  1934 | D:3      | Found Huempi's Magic Scroll Shoppe.
  1936 | D:3      | Found Wennaow's Weapon Shop.
  1948 | D:3      | Bought a scroll of identify for 20 gold pieces
  1958 | D:3      | Bought a +1 vorpal scimitar for 143 gold pieces
  2218 | D:4      | Reached XP level 5. HP: 34/41 MP: 5/5
  2701 | D:4      | Reached XP level 6. HP: 48/48 MP: 6/6
  2717 | D:4      | Reached skill level 4 in Long Blades
  3079 | D:5      | Entered Level 5 of the Dungeon
  3126 | D:5      | Found a staircase to the Ecumenical Temple.
  3151 | D:4      | Reached XP level 7. HP: 43/54 MP: 7/7
  3217 | Temple   | Entered the Ecumenical Temple
  3329 | Temple   | Became a worshipper of the Shining One
  3561 | D:5      | Identified the amulet "Jakuil" {Reflect Harm Rampage rC-
                  | MP+9 SH+5}
  3665 | D:5      | Found a glowing silver altar of Zin.
  3851 | D:6      | Reached skill level 5 in Long Blades
  4067 | D:6      | Found a transporter.
  4071 | D:6      | Found a transporter.
  4072 | D:6      | Noticed a hornet
  4154 | D:6      | Reached XP level 8. HP: 60/61 MP: 8/8
  4237 | D:6      | Noticed Vorhees's ghost (novice GnWn)
  4237 | D:6      | Reached * piety under the Shining One
  4612 | D:6      | Reached skill level 5 in Armour
  4612 | D:6      | Reached skill level 5 in Shields
  4701 | D:6      | Reached skill level 6 in Long Blades
  4732 | D:6      | Reached skill level 5 in Fighting
  5428 | D:7      | Noticed Prince Ribbit
  5753 | D:7      | Reached XP level 9. HP: 56/67 MP: 9/9
  5756 | D:7      | Reached skill level 7 in Long Blades
  5862 | D:7      | Killed Prince Ribbit
  7201 | D:8      | Noticed a two-headed ogre
  7207 | D:8      | HP: 2/69 [two-headed ogre/+0 giant spiked club (17)]
  7314 | D:8      | Slain by a two-headed ogre

Illustrated notes

Levels and vault maps discovered:
D:1:      lightli_arrival_statuegarden, layout_loops_ring, serial_shops,
          shop_statue
D:2:      minmay_door_path, layout_rooms, hellmonk_ecumenical_altar_crossroads,
          serial_shops, nicolae_diamond_shop, kennysheep_cluttered_room,
          uniq_crazy_yiuf_cottage
D:3:      layout_rooms, serial_shops, shop_fountains, nicolae_shop_trees
D:4:      layout_gridville, fountainhead
D:5:      layout_rooms, zin_scriptorium, minmay_temple_entry_stoned_glass
D:6:      layout_basic, gammafunk_ghost_hive, hangedman_abyss_or_decor_stabs
D:7:      layout_layer_cave, uniq_prince_ribbit1
D:8:      layout_basic, enter_ossuary_1, minmay_fractal_squares_5, uniq_grum,
          uniq_maggie, uniq_pikel
Temple:   kilobyte_greek_temple

Skill      XL: |  1  2  3  4  5  6  7  8  9 |
---------------+----------------------------+-----
Long Blades    | 3 4 5 6 7 |  7.6
Fighting       | 4 5 |  5.9
Armour         | 4 5 |  5.9
Shields        | 4 5 6 |  6.0

Action                   |  1- 3 |  4- 6 |  7- 9 || total
-------------------------+-------+-------+-------++-------
Melee: Long sword        |    97 |    27 |       ||   124
       Scimitar          |       |    68 |   144 ||   212
Throw: Boomerang         |       |     1 |    41 ||    42
Evoke: Wand              |       |       |     2 ||     2
  Use: Scroll            |       |     3 |     5 ||     8
Armor: Scale mail        |    28 |       |       ||    28
       Chain mail        |    39 |    48 |    58 ||   145
Dodge: Dodged            |    31 |    35 |    31 ||    97
Block: Buckler           |    24 |    23 |    34 ||    81
